 Dungeon Crawl Stone Soup version 0.15-b1-129-g6fffc38 (webtiles) character file.

13964 Monunkul the Fighter (level 11, 0/104 HPs)
             Began as a Minotaur Berserker on Aug 28, 2014.
             Was a High Priest of Trog.
             Succumbed to a manticore's barbed spikes
             ... on Level 1 of the Shoals.
             The game lasted 01:13:21 (13336 turns).

Monunkul the Fighter (Minotaur Berserker)          Turns: 13336, Time: 01:13:21

HP   0/104       AC 18     Str 21      XL: 11   Next: 82%
MP   0/4         EV 10     Int  7      God: Trog [*****.]
Gold 366         SH  0     Dex 11      Spells:  0 memorised, 10 levels left

rFire  . . .     SeeInvis .     H - +6 war axe (flame)
rCold  + . .     Clarity  .     N - +2 scale mail {rC+}
rNeg   . . .     rCorr    .     (no shield)
rPois  .         rRot     .     (helmet restricted)
rElec  .         Spirit   +     o - +2 cloak
SustAb .         Warding  .     I - +0 pair of gloves
rMut   .         Stasis   .     (no boots)
Gourm  .                        f - amulet of guardian spirit
MR     ++...                    (no ring)
                                t - +3 ring of protection

@: manticore barbs, mesmerised, very slightly contaminated, regenerating,
invisible, very resistant to hostile enchantments, extremely unstealthy
A: retaliatory headbutt, horns 2
a: Burn Spellbooks, Berserk, Trog's Hand, Brothers in Arms, Renounce Religion


You were on level 1 of the Shoals.
You worshipped Trog.
Trog was extremely pleased with you.
You were hungry.

You visited 3 branches of the dungeon, and saw 13 of its levels.
You also visited: Ossuary.

You collected 638 gold pieces.
You spent 272 gold pieces at shops.

Inventory:

Hand weapons
 B - a +3 antimagic halberd
 H - a +6 war axe of flaming (weapon)
Armour
 o - a +2 cloak (worn)
 I - a +0 pair of gloves (worn)
 N - a +2 scale mail of cold resistance (worn)
Magical devices
 r - a wand of teleportation (1) {unknown}
 y - a wand of teleportation (2) {unknown}
 G - a wand of frost (3) {unknown}
 K - a wand of polymorph (9) {unknown}
 L - a wand of digging (12) {unknown}
 M - a wand of flame (9) {unknown}
Comestibles
 c - 2 bread rations
 k - a royal jelly
 J - a chunk of mermaid flesh
Scrolls
 b - a scroll of immolation {unknown}
 d - 2 scrolls of enchant armour
 g - 6 scrolls of identify
 h - 2 scrolls of magic mapping
 j - 8 scrolls of remove curse
 l - 5 scrolls of teleportation
 m - a scroll of random uselessness
 n - a scroll of vulnerability
 p - 2 scrolls of fear
 w - a scroll of amnesia
 x - a scroll of recharging
Jewellery
 f - an amulet of guardian spirit (around neck)
 t - a +3 ring of protection (left hand)
 C - an uncursed amulet of stasis
 D - a cursed ring of teleportation
 O - an uncursed amulet of resist mutation {unknown}
Potions
 a - a potion of might {unknown}
 e - 6 potions of brilliance
 i - a potion of invisibility
 q - 2 potions of curing {unknown}
 s - a potion of poison {unknown}
 u - a potion of cancellation
 v - a potion of resistance {unknown}
 z - a potion of magic {unknown}
 A - 2 potions of berserk rage {unknown}
 E - a potion of agility
 F - a potion of restore abilities {unknown}


   Skills:
 * Level 12.2 Fighting
   Level 5.4 Long Blades
 * Level 10.8(11.7) Axes
 - Level 7.6(10.3) Polearms
 + Level 10.3 Armour
 * Level 9.1 Dodging
 - Level 0.8 Stealth


You had 10 spell levels left.
You didn't know any spells.

Dungeon Overview and Level Annotations

Branches:
Dungeon (9/15)             Temple (0/1) D:4            Lair (3/8) D:9
 Shoals (1/5) Lair:3
    Orc: D:9-12       Snake: Lair:3-6    Spider: Lair:3-6

Altars:
Cheibriados
Elyvilon
Kikubaaqudgha
Okawaru
Qazlal
Sif Muna
Trog
Zin
The Shining One

Shops:
D:7 ?


Innate Abilities, Weirdness & Mutations

You reflexively headbutt those who attack you in melee.
You have a pair of horns on your head.


Message History

* * * LOW HITPOINT WARNING * * *
The mermaid chants a haunting song.
You resist.
There are monsters nearby!
The barbed spikes dig painfully into your body as you move.
* * * LOW HITPOINT WARNING * * *
The mermaid chants a haunting song.
You are mesmerised by the mermaid!
You slash the mermaid! You burn the mermaid.
The mermaid is moderately wounded.
The mermaid barely misses you. You furiously retaliate!
You headbutt the mermaid, but do no damage.
You barely miss the sea snake. You completely miss the mermaid.
Your headbutt misses the mermaid.
The mermaid is moderately wounded.
You hear two shouts!
The mermaid hits you with a spear.
* * * LOW HITPOINT WARNING * * *
The barbed spikes dig painfully into your body as you move.
You die...

≈≈≈≈ ≈≈≈≈≈≈≈≈≈≈
≈≈≈≈≈≈≈≈≈≈≈≈≈
≈≈≈≈≈≈≈≈≈≈≈≈≈≈≈
≈≈≈≈≈≈≈≈≈≈≈≈≈≈≈≈≈
≈≈≈≈≈≈≈≈≈≈≈≈≈≈≈≈≈≈
≈≈≈≈≈≈≈≈≈S≈≈≈≈≈≈≈≈
≈≈≈≈≈≈≈≈≈m..≈≈≈≈≈≈≈
#≈≈≈≈≈≈≈≈.@....≈≈≈≈≈
#≈≈≈≈≈≈≈.....#..≈≈≈≈
#≈≈≈≈≈≈≈≈...## ≈≈≈
≈≈≈≈≈≈≈≈..## ≈
≈≈≈≈≈≈≈≈≈...
≈≈≈≈≈≈≈≈≈≈...
≈≈≈≈≈≈≈≈≈....
≈≈≈≈≈≈≈.###.
≈≈≈≈≈≈..


You could see a sea snake and a mermaid.

Vanquished Creatures
  Harold (Lair:2)
  2 mermaids (Lair:3)
  4 spiny frogs (Lair:2)
  3 komodo dragons
  A troll (D:9)
  2 merfolk (Lair:3)
  2 wandering mushrooms (D:9)
  17 yaks
  A hippogriff (D:8)
  6 wolves (Lair:2)
  4 water moccasins
  2 orc warriors
  4 ice beasts
  4 black bears
  7 porcupines
  3 ogres
  2 sky beasts
  2 phantoms
  3 centaurs
  2 crocodiles
  7 giant frogs
  2 water moccasin zombies (Ossuary)
  A yak zombie (D:9)
  5 scorpions
  4 killer bees (D:9)
  6 crimson imps
  3 goliath beetles
  A troll skeleton (D:9)
  4 iguanas
  A jelly (D:9)
  2 giant frog skeletons
  8 hounds
  A centaur skeleton (D:4)
  6 orc wizards
  6 orc priests
  A black bear skeleton (D:4)
  7 sheep (Lair:2)
  4 worker ants
  2 big kobold zombies (Ossuary)
  2 mummies (Ossuary)
  10 adders
  4 gnolls (D:3)
  3 shadow imps
  A worm (D:2)
  A giant mite (D:4)
  An adder skeleton (D:5)
  4 adder zombies
  5 giant geckos
  31 orcs
  8 bats
  A giant cockroach (D:2)
  A gnoll zombie (Ossuary)
  12 goblins
  10 hobgoblins
  8 jackals
  12 kobolds
  3 ball pythons
  5 giant newts
  4 hobgoblin zombies (Ossuary)
  A kobold skeleton (D:7)
  6 kobold zombies
  2 orc skeletons (D:8)
  3 orc zombies
  8 quokkas
  14 rats
  5 fungi (D:9)
308 creatures vanquished.

Vanquished Creatures (collateral kills)
  A hydra (Lair:2)
  2 merfolk (Shoals:1)
3 creatures vanquished.

Vanquished Creatures (others)
  A fungus (Lair:2)
1 creature vanquished.

Grand Total: 312 creatures vanquished

Notes
Turn   | Place    | Note
--------------------------------------------------------------
     0 | D:1      | Monunkul, the Minotaur Berserker, began the quest for the Orb.
     0 | D:1      | Reached XP level 1. HP: 19/19 MP: 1/1
   288 | D:1      | Reached XP level 2. HP: 27/27 MP: 1/1
   361 | D:1      | Reached skill level 4 in Fighting
   528 | D:1      | Acquired Trog's second power
   681 | D:2      | Reached XP level 3. HP: 15/34 MP: 2/2
   888 | D:2      | Found a glowing golden altar of the Shining One.
  1338 | D:3      | Reached XP level 4. HP: 8/41 MP: 2/2
  1347 | D:3      | HP: 2/41 [orc priest (4)]
  1521 | D:3      | Found an iron altar of Okawaru.
  1840 | D:3      | Found a stormy altar of Qazlal.
  2103 | D:3      | Reached XP level 5. HP: 45/47 MP: 2/2
  2126 | D:3      | Reached skill level 5 in Fighting
  2161 | D:3      | Reached skill level 5 in Polearms
  2245 | D:3      | Found a white marble altar of Elyvilon.
  2246 | D:3      | Found an ancient bone altar of Kikubaaqudgha.
  2714 | D:4      | Noticed a phantom
  2734 | D:4      | Killed a phantom
  2734 | D:4      | Reached XP level 6. HP: 44/56 MP: 3/3
  2780 | D:4      | Reached skill level 5 in Armour
  2822 | D:4      | Found a staircase to the Ecumenical Temple.
  3005 | D:4      | Noticed an ogre
  3016 | D:4      | Killed an ogre
  3123 | D:4      | Found a sand-covered staircase.
  3129 | Ossuary  | Entered an ossuary
  3241 | Ossuary  | Reached XP level 7. HP: 56/61 MP: 3/3
  3462 | Ossuary  | Reached skill level 6 in Armour
  4297 | D:5      | Entered Level 5 of the Dungeon
  4337 | D:5      | Acquired Trog's third power
  4537 | D:5      | Reached skill level 1 in Long Blades
  4537 | D:5      | Reached skill level 7 in Armour
  4569 | D:5      | Reached XP level 8. HP: 65/71 MP: 2/3
  4955 | D:5      | Found a snail-covered altar of Cheibriados.
  4955 | D:5      | Found a bloodstained altar of Trog.
  5290 | D:6      | Reached skill level 8 in Armour
  5307 | D:6      | Found a glowing golden altar of the Shining One.
  5826 | D:6      | Reached skill level 5 in Long Blades
  5898 | D:6      | Reached skill level 5 in Dodging
  6013 | D:6      | Reached XP level 9. HP: 77/81 MP: 4/4
  6469 | D:7      | Received a gift from Trog
  6636 | D:7      | Found Khys' Magic Scroll Emporium.
  6739 | D:7      | Bought a scroll of enchant armour for 97 gold pieces
  6739 | D:7      | Bought a scroll of enchant armour for 97 gold pieces
  6739 | D:7      | Bought a scroll of identify for 26 gold pieces
  6739 | D:7      | Bought a scroll of identify for 26 gold pieces
  6739 | D:7      | Bought a scroll of identify for 26 gold pieces
  6792 | D:7      | Found a deep blue altar of Sif Muna.
  7086 | D:7      | Found a glowing silver altar of Zin.
  7685 | D:8      | Reached skill level 9 in Armour
  8098 | D:8      | Received a gift from Trog
  8311 | D:8      | Reached skill level 1 in Axes
  9279 | D:9      | Found a staircase to the Lair.
  9703 | D:9      | Reached XP level 10. HP: 89/91 MP: 4/4
  9984 | D:9      | Reached skill level 5 in Axes
 10128 | D:9      | Reached skill level 10 in Armour
 10131 | D:9      | Reached skill level 10 in Fighting
 10328 | D:9      | Received a gift from Trog
 10388 | Lair:1   | Entered Level 1 of the Lair of Beasts
 11714 | Lair:1   | Reached XP level 11. HP: 96/101 MP: 3/4
 11792 | Lair:2   | Reached skill level 11 in Fighting
 11916 | Lair:2   | Noticed a five-headed hydra
 11921 | Lair:2   | Killed a four-headed hydra
 12304 | Lair:2   | Noticed Harold
 12324 | Lair:2   | Killed Harold
 12850 | Lair:2   | Reached skill level 10 in Axes
 13274 | Lair:3   | Reached skill level 12 in Fighting
 13279 | Lair:3   | Found a staircase to the Shoals.
 13318 | Shoals:1 | Entered Level 1 of the Shoals
 13318 | Shoals:1 | Noticed a fire crab
 13329 | Shoals:1 | Noticed a sea snake
 13333 | Shoals:1 | HP: 3/104 [barbs]
 13336 | Shoals:1 | Succumbed to a manticore's barbed spikes

Action                   |  1- 3 |  4- 6 |  7- 9 | 10-12 || total
-------------------------+-------+-------+-------+-------++-------
Melee: Spear             |   114 |   167 |    48 |       ||   329
       Scimitar          |       |       |   155 |       ||   155
       Glaive            |       |       |    32 |       ||    32
       Trident           |       |       |   189 |       ||   189
       War axe           |       |       |    87 |   231 ||   318
Invok: Berserk           |     1 |     2 |     1 |     7 ||    11
       Trog's Hand       |       |     2 |       |     4 ||     6
       Burn Spellbooks   |       |     1 |     2 |     1 ||     4
       Brothers in Arms  |       |       |       |     3 ||     3
  Use: Scroll            |     4 |       |    18 |     3 ||    25
       Potion            |       |     1 |       |     7 ||     8
  Eat: Bread ration      |     1 |     1 |     3 |     1 ||     6
       Pizza             |       |     2 |       |       ||     2
       Chunk             |       |       |     2 |     3 ||     5
       Beef jerky        |       |       |     1 |     1 ||     2
       Meat ration       |       |       |     1 |     1 ||     2
       Royal jelly       |       |       |       |     1 ||     1
       Fruit             |       |       |       |     4 ||     4
